 Dungeon Crawl Stone Soup version 0.21.0-3-g78d12a8 (webtiles) character file.

1594282 toastedzergling the Conqueror (level 27, 281/281 HPs)
             Began as a Centaur Warper on Jan 10, 2018.
             Was a High Priest of Okawaru.
             Escaped with the Orb
             ... and 3 runes on Jan 12, 2018!
             The game lasted 05:14:13 (81791 turns).

toastedzergling the Conqueror (Centaur Warper)     Turns: 81791, Time: 05:14:14

Health: 281/281    AC: 37    Str: 28    XL:     27
Magic:  30/30      EV:  4    Int:  9    God:    Okawaru [*****.]
Gold:   3016       SH: 23    Dex: 11    Spells: 4/32 levels left

rFire    . . .     SeeInvis +     - Unarmed
rCold    . . .     Gourm    .   O - +2 large shield
rNeg     + . .     Faith    +   B - +1 plate armour of Anarchy {Str+5 Int-3 Slay+3}
rPois    +         Spirit   .   j - +0 hat "Put-Me-On" {rPois Slay+5}
rElec    .         Reflect  .   i - +2 cloak {MR+}
rCorr    .         Harm     .   V - +2 pair of gloves {archery}
MR       +++..                  D - +10 Black Knight's horse barding {ponderous, rPois rN+}
Stlth    ..........             F - amulet of faith
HPRegen  0.56/turn              l - ring of see invisible
MPRegen  0.22/turn              r - +4 ring of slaying

@: quick
A: large, hooves 3, rugged brown scales 1, deformed body, speed 2, screaming 1,
tough skin 3, weak 1
0: Orb of Zot
}: 3/15 runes: decaying, serpentine, slimy
a: Heroism, Finesse, Renounce Religion


You escaped.
You worshipped Okawaru.
Okawaru was extremely pleased with you.
You were not hungry.

You visited 11 branches of the dungeon, and saw 54 of its levels.
You visited the Abyss 1 time.
You also visited: Labyrinth.

You collected 7496 gold pieces.
You spent 4480 gold pieces at shops.

Inventory:

Missiles
 a - 4 steel javelins
 m - 9 steel tomahawks (quivered)
 p - 4 poisoned tomahawks
 q - a throwing net
 R - 2 silver tomahawks
 S - 9 poisoned javelins
 Y - 11 silver javelins
 Z - 20 javelins of penetration
Armour
 i - a +2 cloak of magic resistance (worn)
 j - the +0 hat "Put-Me-On" (worn) {rPois Slay+5}
   (You bought it in a shop on level 8 of the Dungeon)

   It affects your accuracy and damage with ranged weapons and melee attacks
   (+5).
   It protects you from poison.
 B - the +1 plate armour of Anarchy (worn) {Str+5 Int-3 Slay+3}
   (You found it on level 3 of the Elven Halls)

   It affects your strength (+5).
   It affects your intelligence (-3).
   It affects your accuracy and damage with ranged weapons and melee attacks
   (+3).
 D - the +10 Black Knight's horse barding (worn) {ponderous, rPois rN+}
   (You found it on level 5 of the Pits of Slime)

   It protects you from poison.
   It protects you from negative energy.
 O - a +2 large shield (worn)
 V - a +2 pair of gloves of archery (worn)
Jewellery
 l - a ring of see invisible (left hand)
 r - a +4 ring of slaying (right hand)
 x - the ring of the Mage {Wiz MR++ Int+3}
   (You took it off a deep elf death mage on level 3 of the Elven Halls)

   [ring of wizardry]

   It improves your spell success rate.
   It affects your intelligence (+3).
   It affects your resistance to hostile enchantments.
 y - an uncursed ring of protection from fire
 F - an amulet of faith (around neck)
Wands
 M - a wand of digging (18)
Scrolls
 b - 3 scrolls of blinking
 c - 2 scrolls of holy word
 e - 32 scrolls of remove curse
 g - 14 scrolls of teleportation
 h - 14 scrolls of amnesia
 u - 4 scrolls of fog
 w - 10 scrolls of immolation
 C - 17 scrolls of identify
 I - 10 scrolls of magic mapping
 J - 2 scrolls of silence
 Q - 6 scrolls of fear
Potions
 d - 5 potions of magic
 n - 7 potions of might
 o - 4 potions of berserk rage
 t - a potion of heal wounds
 v - 5 potions of agility
 z - 3 potions of haste
 A - 13 potions of curing
 G - 5 potions of ambrosia
 N - 2 potions of brilliance
 T - a potion of cancellation
 U - 2 potions of mutation
Comestibles
 f - 49 rations


   Skills:
 O Level 27 Fighting
 - Level 22.0 Throwing
 - Level 10.0 Armour
 + Level 2.1 Dodging
 - Level 15.0 Shields
 - Level 19.0 Unarmed Combat
 - Level 3.0 Spellcasting
 - Level 10.0 Hexes
 - Level 10.0 Charms
 - Level 10.0 Necromancy
 - Level 13.0 Translocations
 - Level 10.0 Invocations


You had 4 spell levels left.
You knew the following spells:

 Your Spells              Type           Power        Failure   Level  Hunger
a - Passage of Golubria   Tloc           N/A          12%         4    #####..
b - Portal Projectile     Hex/Tloc       ###...       6%          3    ####...
c - Song of Slaying       Chrm           ###.....     6%          2    ###....
d - Blink                 Tloc           N/A          1%          2    ###....
e - Regeneration          Chrm/Necr      ###.......   12%         3    ####...
f - Deflect Missiles      Chrm/Air       ##........   100%        6    #######
g - Controlled Blink      Tloc           N/A          100%        8    #######


Dungeon Overview and Level Annotations

Branches:
Dungeon (15/15)            Temple (1/1) D:5            Lair (6/6) D:11
  Swamp (4/4) Lair:3        Snake (4/4) Lair:4        Slime (5/5) Lair:6
    Orc (2/2) D:11            Elf (3/3) Orc:2        Vaults (4/5) D:14
  Crypt (0/3) Vaults:2     Depths (5/5) D:15            Zot (5/5) Depths:5

Altars:
Ashenzari
Cheibriados
Dithmenos
Elyvilon
Fedhas
Gozag
Hepliaklqana
Kikubaaqudgha
Makhleb
Nemelex Xobeh
Okawaru
Qazlal
Ru
Sif Muna
Trog
Uskayaw
Vehumet
Wu Jian
Xom
Yredelemnul
Zin
The Shining One
Jiyva

Shops:
D:8 [   D:12 *::::   D:13 [   Orc:1 *   Orc:2 =(=[?   Snake:3 (   Vaults:2 %
Vaults:3 :   Zot:2 *

Portals:
Hell: Depths:1 Depths:2 Depths:3 Depths:4 Depths:5
Abyss: Depths:1 Depths:4 Depths:5
Pandemonium: Depths:1 Depths:3
Ziggurat: Depths:5
Trove: Depths:2 (give Guide on Contamination and the Voyage)

Annotations:
Zot:3 1 transporter


Innate Abilities, Weirdness & Mutations

You have hooves in place of feet.
Armour fits poorly on your strangely shaped body.
You cover ground very quickly.
You have extremely tough skin. (AC +3)
You are partially covered in rugged brown scales. (AC +1, +3% HP)
You occasionally shout uncontrollably at your foes.
You are weak. (Str -2)


Message History

Where to? (Enter - D:1, ? - help)
There is a stone staircase leading down here.
There is an open door here.
There is a stone staircase leading up here.
You climb upwards.
There is a stone staircase leading down here.
A hellion comes into view.
You shout at the hellion!
There is a stone staircase leading up here.
You see here 2 stones.
You climb upwards.
There is a stone staircase leading down here.
Things that are here:
a club; a gnoll skeleton Evoke which item? (* to show all) (? for menu, Esc to quit)
Aiming: Dig
Press: ? - help, Shift-Dir - straight line The rock shatters into small pieces.
There is a staircase leading out of the dungeon here.
You have escaped!

#..................#
#..........
#...#.....≈......#.#
#....#####.
######...≈8≈....##.# #....# #.
#..........##.# #....# #.
#.###.#######.# ####.######
#.####.######.# #.#.....
#.#♣....'...#.######.#.....
#.##'###....#........#.....
#.#♣.♣♣♣#.@.#........#.....
#.#♣♣..♣#...#........#.....
#####.# ♣♣♣.#...#..............
#.....#####'#####........#.....
#.#####.........#.##...#.......
#.# #.........#.##.#.########
#)# #.........#.##.#.## #(#
#§§......≈#.......#
###(#####≈§......≈#>#.....#


There were no monsters in sight!

Vanquished Creatures
  the Royal Jelly (Slime:5)
  6 ancient liches (Zot:5)
  3 orbs of fire (Zot:5)
  A juggernaut (Depths:2)
  4 Killer Klowns (Zot:5)
  A curse toe (Zot:2)
  7 caustic shrikes
  4 golden dragons
  4 bone dragons
  Jorgrun (Vaults:3)
  2 electric golems
  20 tentacled monstrosities
  Asterion (Depths:2)
  2 deep elf blademasters (Elf:3)
  6 quicksilver dragons
  5 liches
  4 titans
  26 Orb Guardians (Zot:5)
  21 acid blobs
  4 sphinxes
  4 deep elf master archers (Elf:3)
  2 tentacled starspawn (Abyss:2)
  Roxanne (Swamp:2)
  5 death cobs
  3 thorn hunters
  4 tengu reavers
  15 storm dragons
  3 shadow dragons
  11 azure jellies
  5 draconian monks
  9 fire giants
  9 nagarajas (Snake:4)
  11 frost giants
  7 vault wardens
  2 ghost moths
  8 draconian knights
  Nessos (D:15)
  Aizul (Snake:2)
  6 deep elf sorcerers (Elf:3)
  7 draconian scorchers
  5 deep elf elementalists
  Louise (Swamp:2)
  3 draconian stormcallers
  A cacodemon (Depths:1)
  4 draconian shifters
  6 spriggan defenders
  5 ironheart preservers
  39 very ugly things
  22 stone giants
  12 draconian annihilators
  9 green draconians
  6 vampire knights
  The ghost of CasualChangeling the Blocker, a journeyman MiFi of Trog (D:14)
  4 dire elephants (Lair:6)
  A lorocyproca (Depths:3)
  3 deep elf demonologists
  8 purple draconians
  10 black draconians
  12 white draconians
  13 yellow draconians
  11 deep elf annihilators
  10 spark wasps
  6 red draconians
  A blizzard demon (Abyss:3)
  Josephine (Lair:4)
  2 crystal guardians
  7 ettins
  6 deep elf death magi
  10 fire dragons
  A minotaur (Lab)
  10 great orbs of eyes
  17 yaktaur captains
  2 jiangshi (Depths:1)
  Harold (Lair:1)
  Fannar (Lair:2)
  25 hydras
  2 monstrous demonspawn
  4 deep elf high priests (Elf:3)
  10 ice dragons
  A catoblepas (Lair:5)
  9 rakshasas
  Erica (D:8)
  14 naga warriors
  A hell beast (Depths:4)
  11 centaur warriors
  10 spriggan air magi
  12 ogre magi
  9 anacondas
  The ghost of komo4ek the Cleaver, a novice HOCK of Xom (D:8)
  12 alligators
  3 death yaks
  51 two-headed ogres
  21 dancing weapons
  2 vampire magi
  8 deep troll shamans
  The ghost of p0werm0de the Grappler, a journeyman VSEE (D:11)
  3 deep troll earth magi
  7 tengu warriors
  9 naga sharpshooters
  2 thrashing horrors
  4 shock serpents
  3 orc high priests (Orc:2)
  A soul eater (Depths:3)
  5 spriggan berserkers
  A wretched star (Abyss:2)
  A sun demon (Abyss:3)
  A shock serpent (shapeshifter) (Depths:2)
  11 deep elf knights
  A fire crab (shapeshifter) (Vaults:1)
  19 hell knights
  A titan skeleton (Vaults:4)
  7 salamander mystics
  8 small abominations
  A shadow wraith (Vaults:4)
  10 skeletal warriors
  5 iron trolls
  A sixfirhy (Depths:1)
  2 storm dragon skeletons
  An unseen horror (shapeshifter) (Depths:2)
  A spriggan druid (Swamp:4)
  2 unseen horrors
  9 swamp dragons
  26 deep trolls
  5 glowing orange brains
  An infernal demonspawn (Depths:3)
  3 spark wasp zombies
  2 gelid demonspawn (Depths:1)
  3 flayed ghosts
  6 naga ritualists
  10 ironbrand convokers
  A lindwurm (shapeshifter) (Vaults:1)
  4 shambling mangroves
  3 wizards
  7 deep elf archers
  An orb spider (shapeshifter) (Depths:5)
  5 large abominations
  11 harpies
  2 harpies (shapeshifter)
  10 necromancers
  The ghost of barbarian the Skirmisher, a novice DsGl of Qazlal (D:5)
  16 orc knights
  2 phantasmal warriors (Depths:4)
  A frost giant zombie (Vaults:4)
  5 orc sorcerers
  3 shining eyes
  16 mana vipers
  56 deep elf magi
  5 wolf spiders
  38 ugly things
  2 cyclopes (Vaults:1)
  2 human zombies
  An oklob plant (Lair:4)
  2 worldbinders
  A manticore (D:11)
  A cyclops (shapeshifter) (Depths:2)
  5 elephants
  21 moths of wrath
  33 black mambas
  23 salamanders
  16 naga magi
  An iron dragon skeleton (Depths:2)
  6 guardian serpents
  13 vault sentinels
  A spriggan zombie (Depths:2)
  2 molten gargoyles (D:13)
  A rust devil (Abyss:2)
  2 orange demons
  12 spiny frogs
  Psyche (D:9)
  3 gargoyles
  A torpor snail (shapeshifter) (Depths:4)
  81 yaktaurs
  A rime drake (shapeshifter) (Abyss:2)
  3 kobold demonologists
  2 freezing wraiths (Vaults:3)
  3 rime drakes
  A hellwing (Abyss:2)
  A tormentor (Abyss:2)
  A demonic crawler (Abyss:2)
  12 komodo dragons
  2 ancient zymes
  A swamp worm zombie (Swamp:3)
  A komodo dragon (shapeshifter) (Depths:5)
  3 tengu conjurers (Depths:4)
  A meliai (shapeshifter) (Depths:2)
  A tengu simulacrum (Depths:4)
  A hydra zombie (Swamp:3)
  25 hornets
  A troll (shapeshifter) (Vaults:4)
  9 trolls
  A polar bear (Lair:2)
  2 tyrant leeches
  Prince Ribbit (D:7)
  102 slime creatures
  2 raiju
  A raiju (shapeshifter) (D:13)
  28 blink frogs
  2 dream sheep (D:9)
  A meliai zombie (D:11)
  14 bog bodies
  A blink frog (shapeshifter) (Vaults:4)
  16 hippogriffs
  13 spriggans
  2 redbacks (Lab)
  8 shadows
  3 vampires
  A water elemental (Elf:1)
  7 wraiths
  A ynoxinul (Abyss:3)
  8 air elementals
  4 wyverns
  A fire elemental (Elf:1)
  A tyrant leech zombie (Swamp:3)
  A basilisk (shapeshifter) (Vaults:1)
  6 basilisks
  A golden eye (Slime:5)
  A fire bat (Abyss:3)
  A golden eye (shapeshifter) (Depths:1)
  70 yaks
  29 vampire mosquitoes
  3 chaos spawn
  5 hungry ghosts
  3 neqoxecs
  23 insubstantial wisps
  51 nagas
  4 wargs
  26 swamp worms
  An acid dragon (D:12)
  A water moccasin (shapeshifter) (Vaults:4)
  25 orc warriors
  2 hell hounds (D:11)
  8 porcupines
  Duvessa (D:5)
  11 water moccasins
  A floating eye (shapeshifter) (D:15)
  An ice beast (shapeshifter) (D:13)
  A floating eye (Depths:2)
  A black bear (shapeshifter) (D:14)
  5 ice beasts
  A swamp dragon zombie (Swamp:3)
  11 swamp drakes
  A phantom (D:8)
  2 sky beasts
  3 black bears
  An elf zombie (Vaults:2)
  7 eyes of draining
  A spriggan simulacrum (Depths:2)
  30 ogres
  4 wolves (Lair:2)
  A centaur (shapeshifter) (Depths:2)
  An eye of draining (shapeshifter) (Vaults:3)
  15 boggarts
  25 centaurs
  27 big kobolds
  11 crocodiles
  14 bullfrogs
  An earth elemental (Elf:1)
  A wyvern zombie (D:8)
  A gnoll sergeant (D:8)
  A water moccasin zombie (D:5)
  A wyvern skeleton (D:14)
  4 scorpions
  Dowan (D:5)
  An elf simulacrum (Vaults:1)
  6 human simulacra
  15 killer bees
  An orc simulacrum (Vaults:1)
  A troll skeleton (Lab)
  17 wights
  6 electric eels (Lair:3)
  10 howler monkeys
  6 centaur zombies
  12 crimson imps
  A bullfrog zombie (D:11)
  5 lava snakes (D:13)
  2 quasits
  5 hounds
  5 jellies
  22 orc priests
  5 centaur skeletons
  3 iron imps (Depths:1)
  5 bullfrog skeletons
  6 iguanas
  Jessica (D:5)
  27 orc wizards
  14 worker ants
  A killer bee zombie (D:5)
  An ogre skeleton (Lab)
  2 hound skeletons
  2 worker ant zombies
  15 adders
  13 gnolls
  5 shadow imps
  8 white imps
  An ooze (D:2)
  An adder skeleton (D:6)
  5 worms
  2 dart slugs (D:2)
  6 leopard geckos
  90 orcs
  2 ball pythons (D:1)
  10 bats
  4 giant cockroaches
  4 goblins
  14 hobgoblins
  14 jackals
  9 quokkas
  6 frilled lizards
  3 jackal skeletons
  32 kobolds
  A leopard gecko zombie (D:5)
  8 rats
  A briar patch (Swamp:3)
  A fungus (Depths:1)
  3 plants
  A starspawn tentacle (Abyss:2)
2463 creatures vanquished.

Vanquished Creatures (collateral kills)
  A rakshasa (D:15)
  A spriggan (shapeshifter) (D:15)
  An orc warrior (D:15)
  2 orcs (D:15)
5 creatures vanquished.

Vanquished Creatures (others)
  5 dream sheep (Lair:6)
  A quokka (D:2)
  A bush (Lair:4)
  16 fungi
  2 plants
  A starspawn tentacle (Abyss:2)
26 creatures vanquished.

Grand Total: 2494 creatures vanquished

Notes
Turn   | Place    | Note
-------+----------+-------------------------------------------
     0 | D:1      | toastedzergling the Centaur Warper began the quest for the Orb.
     0 | D:1      | Reached XP level 1. HP: 17/17 MP: 3/3
   235 | D:1      | Reached XP level 2. HP: 23/24 MP: 4/4
   750 | D:2      | Reached XP level 3. HP: 20/29 MP: 5/5
   933 | D:2      | Found a snail-covered altar of Cheibriados.
  1050 | D:2      | Found a white marble altar of Elyvilon.
  1608 | D:2      | Reached XP level 4. HP: 36/36 MP: 6/6
  1628 | D:2      | Reached skill level 1 in Shields
  1810 | D:1      | Reached skill level 1 in Armour
  2235 | D:2      | Found a faded altar of an unknown god.
  2268 | D:2      | Became a worshipper of Elyvilon the Healer
  2608 | D:3      | Reached XP level 5. HP: 41/41 MP: 7/7
  3267 | D:3      | Reached * piety under Elyvilon
  3813 | D:4      | Reached skill level 5 in Unarmed Combat
  3875 | D:4      | Found a glowing silver altar of Zin.
  3875 | D:4      | Noticed an angel
  4017 | D:4      | Reached XP level 6. HP: 42/48 MP: 8/8
  4118 | D:4      | Found a hide-covered altar of Uskayaw.
  4183 | D:4      | Reached ** piety under Elyvilon
  4372 | D:4      | Reached skill level 1 in Invocations
  4586 | D:4      | Reached XP level 7. HP: 41/56 MP: 9/9
  4719 | D:4      | Found a sparkling altar of Nemelex Xobeh.
  5033 | D:4      | Reached skill level 3 in Fighting
  5058 | D:5      | Entered Level 5 of the Dungeon
  5070 | D:5      | Found a staircase to the Ecumenical Temple.
  5103 | D:4      | Found a radiant altar of Vehumet.
  5171 | D:5      | Noticed barbarian's ghost (novice DsGl)
  5656 | D:5      | Reached *** piety under Elyvilon
  5746 | Temple   | Entered the Ecumenical Temple
  6175 | D:5      | Noticed Jessica
  6181 | D:5      | Found a deep blue altar of Sif Muna.
  6189 | D:5      | Killed Jessica
  6261 | D:5      | Found a basalt altar of Yredelemnul.
  6456 | D:5      | Noticed Dowan
  6460 | D:5      | Noticed Duvessa
  7001 | D:6      | Reached skill level 4 in Fighting
  7169 | D:6      | Reached XP level 8. HP: 63/66 MP: 10/10
  7372 | D:5      | Killed Dowan
  7376 | D:5      | Killed Duvessa
  7641 | D:5      | Killed barbarian's ghost
  7641 | D:5      | Reached skill level 6 in Fighting
  7987 | D:6      | Reached **** piety under Elyvilon
  8462 | D:6      | Found a shadowy altar of Dithmenos.
  8464 | D:6      | Found an opulent altar of Gozag.
  8465 | D:6      | Found a blossoming altar of Fedhas.
  8799 | D:6      | Reached XP level 9. HP: 34/75 MP: 11/11
  9734 | D:7      | Reached skill level 10 in Unarmed Combat
 10244 | D:7      | Found a glowing golden altar of the Shining One.
 10246 | D:7      | Noticed an angel
 10256 | D:7      | Found a basalt altar of Yredelemnul.
 10267 | D:7      | Noticed a profane servitor
 10358 | D:7      | Noticed Prince Ribbit
 10406 | D:7      | Killed Prince Ribbit
 10554 | D:8      | Reached skill level 5 in Throwing
 10594 | D:8      | Found Ypeduicaiff's Antique Armour Shop.
 10630 | D:8      | Noticed Erica
 10730 | D:8      | Bought a pitted hat for 171 gold pieces
 10740 | D:8      | Identified the +0 hat "Put-Me-On" {rPois Slay+5} (You bought it in a shop on level 8 of the Dungeon)
 10829 | D:8      | Reached XP level 10. HP: 78/83 MP: 12/12
 10922 | D:8      | Reached ***** piety under Elyvilon
 10972 | D:8      | Found a sacrificial altar of Ru.
 10999 | D:8      | Noticed komo4ek's ghost (novice HOCK)
 11710 | D:8      | Killed Erica
 12174 | D:9      | Noticed Psyche
 12211 | D:9      | Killed Psyche
 12738 | D:9      | Reached skill level 7 in Fighting
 12809 | D:9      | Reached skill level 5 in Shields
 12973 | D:9      | Reached XP level 11. HP: 57/92 MP: 13/13
 13233 | D:9      | Noticed a three-headed hydra
 13293 | D:9      | Killed a three-headed hydra
 13293 | D:9      | Reached skill level 8 in Fighting
 14220 | D:10     | Entered Level 10 of the Dungeon
 14234 | D:10     | Noticed a two-headed ogre
 14242 | D:10     | Killed a two-headed ogre
 14528 | D:10     | Reached skill level 9 in Fighting
 14991 | D:10     | Noticed a two-headed ogre
 14995 | D:10     | Killed a two-headed ogre
 15011 | D:10     | Reached skill level 10 in Fighting
 15960 | D:11     | Found a staircase to the Orcish Mines.
 15986 | D:11     | Noticed p0werm0de's ghost (journeyman VSEE)
 16016 | D:11     | Killed p0werm0de's ghost
 16016 | D:11     | Reached XP level 12. HP: 101/106 MP: 14/14
 16086 | D:11     | Found a staircase to the Lair.
 16140 | D:11     | Reached ****** piety under Elyvilon
 17241 | D:11     | Noticed a two-headed ogre
 17253 | D:11     | Killed a two-headed ogre
 17253 | D:11     | Reached skill level 5 in Invocations
 17672 | Temple   | Fell from the grace of Elyvilon
 17672 | Temple   | Became a worshipper of Warmaster Okawaru
 17858 | D:8      | Killed komo4ek's ghost
 17858 | D:8      | Reached skill level 10 in Throwing
 17918 | Lair:1   | Entered Level 1 of the Lair of Beasts
 17940 | Lair:1   | Found a labyrinth entrance.
 17950 | Lair:1   | Noticed Harold
 18413 | Lair:1   | Killed Harold
 18447 | Lab      | Entered a labyrinth
 19871 | Lab      | Reached * piety under Okawaru
 19890 | Lab      | Noticed a minotaur
 19901 | Lab      | Killed a minotaur
 20544 | Lair:1   | Reached ** piety under Okawaru
 20803 | Lair:1   | Reached skill level 11 in Fighting
 21052 | Lair:2   | Got a faintly glowing chain mail
 21081 | Lair:2   | Identified the +8 chain mail of Ehefaam {Str+4} (You found it on level 2 of the Lair of Beasts)
 21145 | Lair:2   | Noticed Fannar
 21266 | Lair:2   | Reached *** piety under Okawaru
 21673 | Lair:2   | Killed Fannar
 21903 | Lair:2   | Reached XP level 13. HP: 109/116 MP: 17/17
 22348 | Lair:3   | Reached **** piety under Okawaru
 22613 | Lair:3   | Received a gift from Okawaru
 23062 | Lair:3   | Found a staircase to the Swamp.
 23468 | Lair:3   | Received a gift from Okawaru
 23474 | Lair:3   | Reached ***** piety under Okawaru
 23722 | Lair:4   | Found a staircase to the Snake Pit.
 24208 | Lair:4   | Received a gift from Okawaru
 24770 | Lair:4   | Noticed Josephine
 24810 | Lair:4   | Killed Josephine
 24810 | Lair:4   | Received a gift from Okawaru
 25012 | Lair:4   | Reached skill level 12 in Fighting
 25826 | Lair:5   | Received a gift from Okawaru
 26161 | Lair:5   | Reached XP level 14. HP: 120/126 MP: 18/18
 26834 | Lair:6   | Entered Level 6 of the Lair of Beasts
 27160 | Lair:6   | Identified a scroll of acquirement
 27773 | Lair:6   | Found a staircase to the Slime Pits.
 27839 | Lair:6   | Found a shimmering altar of Xom.
 28253 | Lair:6   | Received a gift from Okawaru
 28373 | Lair:6   | Reached skill level 15 in Unarmed Combat
 28387 | Lair:6   | Received a gift from Okawaru
 28596 | Swamp:1  | Entered Level 1 of the Swamp
 28779 | Swamp:1  | Received a gift from Okawaru
 29902 | Swamp:2  | Noticed Louise
 30428 | Swamp:2  | Reached XP level 15. HP: 79/132 MP: 16/19
 30688 | Swamp:2  | Received a gift from Okawaru
 30880 | Swamp:2  | Killed Louise
 30915 | Swamp:2  | Received a gift from Okawaru
 30930 | Swamp:2  | Noticed Roxanne
 30954 | Swamp:2  | Killed Roxanne
 30962 | Swamp:2  | Learned a level 4 spell: Passage of Golubria
 30966 | Swamp:2  | Learned a level 3 spell: Portal Projectile
 30974 | Swamp:2  | Learned a level 2 spell: Shroud of Golubria
 30977 | Swamp:2  | Learned a level 2 spell: Blink
 31198 | Swamp:3  | Received a gift from Okawaru
 31264 | Swamp:3  | Received a gift from Okawaru
 31549 | Swamp:3  | Noticed a thorn hunter
 31562 | Swamp:3  | Killed a thorn hunter
 31562 | Swamp:3  | Received a gift from Okawaru
 31859 | Swamp:3  | Reached skill level 10 in Shields
 32009 | Swamp:4  | Entered Level 4 of the Swamp
 32018 | Swamp:4  | Paralysed by a hornet for 2 turns
 32902 | Swamp:3  | Received a gift from Okawaru
 32922 | Swamp:4  | Received a gift from Okawaru
 34356 | Swamp:4  | Noticed a thorn hunter
 34369 | Swamp:4  | Killed a thorn hunter
 34369 | Swamp:4  | Reached XP level 16. HP: 80/139 MP: 17/20
 34724 | Swamp:4  | Got a decaying rune of Zot
 34775 | Swamp:4  | Noticed a thorn hunter
 34789 | Swamp:4  | Killed a thorn hunter
 34789 | Swamp:4  | Received a gift from Okawaru
 35020 | Snake:1  | Entered Level 1 of the Snake Pit
 35056 | Snake:1  | Received a gift from Okawaru
 35057 | Snake:1  | Got a ruby-encrusted ring mail {god gift}
 35068 | Snake:1  | Identified the +1 ring mail of the Cockatrice {rF+} (Okawaru gifted it to you on level 1 of the Snake Pit)
 35256 | Orc:1    | Entered Level 1 of the Orcish Mines
 35389 | Orc:2    | Entered Level 2 of the Orcish Mines
 35653 | Orc:2    | Found a staircase to the Elven Halls.
 36183 | Orc:2    | Found Xiempov's Magic Scroll Shoppe.
 36196 | Orc:2    | Bought a scroll of teleportation for 42 gold pieces
 36196 | Orc:2    | Bought a scroll of blinking for 105 gold pieces
 36196 | Orc:2    | Bought a scroll of identify for 28 gold pieces
 36196 | Orc:2    | Bought a scroll of identify for 28 gold pieces
 36201 | Orc:2    | Bought a scroll of identify for 28 gold pieces
 36358 | Orc:2    | Found Tutiukee's Jewellery Emporium.
 36358 | Orc:2    | Found Utarou Betz's Armour Shop.
 36362 | Orc:2    | Found Mihi's Jewellery Shop.
 36362 | Orc:2    | Found Westryfad's Antique Weapon Emporium.
 36382 | Orc:2    | Bought a +4 ring of slaying for 1404 gold pieces
 36733 | Orc:1    | Found Riothut's General Store.
 36739 | Orc:1    | Bought a potion of curing for 39 gold pieces
 36739 | Orc:1    | Bought a scroll of identify for 26 gold pieces
 37220 | D:12     | Found Ocrae's Book Shop.
 37535 | D:12     | Found Yram Veate's General Store.
 37563 | D:12     | Bought a scroll of blinking for 120 gold pieces
 37628 | D:12     | Found Acsobu's Book Emporium.
 37635 | D:12     | Found Qanecod's Book Shoppe.
 37747 | D:12     | Found Hicwular's Book Emporium.
 38145 | D:13     | Found Cuer's Antique Armour Emporium.
 38180 | D:13     | Reached ****** piety under Okawaru
 38206 | D:13     | Received a gift from Okawaru
 38789 | D:14     | Received a gift from Okawaru
 38792 | D:14     | Noticed CasualChangeling's ghost (journeyman MiFi)
 38802 | D:14     | Killed CasualChangeling's ghost
 38897 | D:14     | Found a shattered altar of Ashenzari.
 39052 | D:14     | Found a shimmering altar of Xom.
 39186 | D:14     | Found a gate to the Vaults.
 39414 | D:15     | Entered Level 15 of the Dungeon
 39454 | D:15     | Received a gift from Okawaru
 39889 | D:15     | Reached XP level 17. HP: 141/146 MP: 22/22
 39939 | D:15     | Received a gift from Okawaru
 39975 | D:15     | Found a shadowy altar of Dithmenos.
 40030 | D:15     | Noticed Nessos
 40067 | D:15     | Killed Nessos
 40594 | D:15     | Found a staircase to the Depths.
 41325 | Snake:1  | Received a gift from Okawaru
 41737 | Snake:1  | Received a gift from Okawaru
 42064 | Snake:2  | Received a gift from Okawaru
 43062 | Snake:2  | Found the +4 arc blade {discharge, rElec}
 43360 | Snake:3  | Noticed Aizul
 43461 | Snake:3  | HP: 3/146 [Aizul (12)]
 43466 | Snake:2  | HP: 6/146 [poisoned by a naga warrior (splash of poison)]
 43473 | Snake:2  | HP: 4/146 [poisoned by a naga warrior (splash of poison)]
 43874 | Snake:2  | Killed Aizul
 44082 | Snake:3  | Received a gift from Okawaru
 44202 | Snake:3  | Reached skill level 10 in Invocations
 44434 | Snake:3  | Found Uczitoag's Antique Weapon Shop.
 44449 | Snake:3  | Got a pitted chain mail
 44460 | Snake:3  | Identified the +5 chain mail of the Thunderstorm {rC+++ rN+++ Int-4 Slay-2} (You found it on level 3 of the Snake Pit)
 44702 | Snake:4  | Entered Level 4 of the Snake Pit
 45005 | Snake:4  | Reached skill level 15 in Shields
 45108 | Snake:4  | Reached XP level 18. HP: 134/154 MP: 25/25
 45432 | Snake:4  | Reached skill level 15 in Throwing
 45838 | Snake:4  | Received a gift from Okawaru
 46447 | Snake:4  | Received a gift from Okawaru
 46926 | Snake:4  | Got a serpentine rune of Zot
 47270 | Vaults:1 | Entered Level 1 of the Vaults
 47371 | D:12     | Bought a +2 pair of gloves of archery for 344 gold pieces
 47858 | Vaults:1 | Reached skill level 13 in Fighting
 48117 | D:12     | Bought a book of Battle for 600 gold pieces
 48179 | D:13     | Learned a level 2 spell: Song of Slaying
 48183 | D:13     | Learned a level 3 spell: Regeneration
 48397 | Vaults:1 | Reached skill level 1 in Charms
 48479 | Vaults:1 | Reached skill level 1 in Hexes
 48502 | Vaults:1 | Received a gift from Okawaru
 48675 | Vaults:1 | Reached XP level 19. HP: 127/163 MP: 23/26
 49370 | Vaults:2 | Received a gift from Okawaru
 49381 | Vaults:2 | Received a gift from Okawaru
 49484 | Vaults:2 | Found a staircase to the Crypt.
 49484 | Vaults:2 | Found a basalt altar of Yredelemnul.
 49485 | Vaults:2 | Found an ancient bone altar of Kikubaaqudgha.
 49612 | Vaults:2 | Found Vojopsof's Food Shop.
 49850 | Vaults:2 | Received a gift from Okawaru
 49882 | Vaults:2 | Received a gift from Okawaru
 50034 | Vaults:2 | Received a gift from Okawaru
 50623 | Vaults:2 | Reached skill level 5 in Translocations
 51187 | Vaults:3 | Received a gift from Okawaru
 51266 | Vaults:3 | Noticed Jorgrun
 51270 | Vaults:3 | Killed Jorgrun
 51328 | Vaults:3 | Reached skill level 14 in Fighting
 51685 | Vaults:3 | Reached skill level 5 in Charms
 51951 | Vaults:3 | Found Zism's Book Shop.
 52689 | Vaults:3 | Reached XP level 20. HP: 78/176 MP: 27/27
 53615 | Vaults:4 | Received a gift from Okawaru
 53710 | Vaults:4 | Received a gift from Okawaru
 55102 | Vaults:4 | Received a gift from Okawaru
 55185 | Vaults:4 | Got a brightly glowing chain mail {god gift}
 55196 | Vaults:4 | Identified the +1 chain mail "Heddide" {+Inv MP+9 Int-3} (Okawaru gifted it to you on level 4 of the Vaults)
 56200 | Depths:1 | Entered Level 1 of the Depths
 56248 | D:15     | Reached skill level 15 in Fighting
 56672 | Elf:1    | Entered Level 1 of the Elven Halls
 56935 | Elf:1    | Identified Isuihyazo's Tome of Confrontation
 57621 | Elf:2    | Reached skill level 5 in Hexes
 57808 | Elf:2    | Found a runed gate.
 57808 | Elf:2    | Found a runed gate.
 57808 | Elf:2    | Found a runed gate.
 57915 | Elf:2    | Received a gift from Okawaru
 58415 | Elf:2    | Received a gift from Okawaru
 58518 | Elf:2    | Received a gift from Okawaru
 58579 | Elf:2    | Reached XP level 21. HP: 155/184 MP: 21/28
 58691 | Elf:3    | Entered Level 3 of the Elven Halls
 59125 | Elf:3    | Received a gift from Okawaru
 59272 | Elf:3    | Received a gift from Okawaru
 59330 | Elf:3    | Received a gift from Okawaru
 59630 | Elf:3    | Received a gift from Okawaru
 59712 | Elf:3    | Reached skill level 10 in Translocations
 59804 | Elf:3    | Received a gift from Okawaru
 59841 | Elf:3    | Identified the +0 helmet of the Ten Souls {rC+++ MR+ Dex-5} (You found it on level 3 of the Elven Halls)
 59948 | Elf:3    | Reached skill level 10 in Hexes
 60147 | Elf:3    | Got an ancient chain mail
 60158 | Elf:3    | Identified the +7 chain mail "Puntesiu" {rPois Str+3 Int+4} (You took it off a deep elf master archer on level 3 of the Elven Halls)
 60186 | Elf:3    | Got a heavily runed plate armour
 60197 | Elf:3    | Identified the cursed +1 plate armour of Anarchy {Str+5 Int-3 Slay+3} (You found it on level 3 of the Elven Halls)
 60555 | Depths:1 | Found a one-way gate to the infinite horrors of the Abyss.
 60568 | Depths:1 | Reached skill level 1 in Necromancy
 61019 | Depths:1 | Found a gateway to Hell.
 61100 | Depths:1 | Found a one-way gate leading to the halls of Pandemonium.
 61119 | Depths:1 | Gained mutation: You are weak. (Str -2) [a neqoxec]
 61444 | Depths:1 | Cast into level 2 of the Abyss (hell knight)
 61576 | Abyss:2  | Reached skill level 5 in Necromancy
 61635 | Abyss:2  | Found a corrupted altar of Lugonu.
 61714 | Abyss:2  | Received a gift from Okawaru
 61981 | Abyss:3  | Received a gift from Okawaru
 61981 | Abyss:3  | Reached XP level 22. HP: 192/192 MP: 23/29
 62007 | Abyss:3  | Gained mutation: You occasionally shout uncontrollably at your foes. [a shining eye]
 62089 | Depths:1 | Escaped the Abyss
 62432 | Depths:2 | Received a gift from Okawaru
 62645 | D:12     | Bought a manual of Armour for 1545 gold pieces
 62895 | Depths:2 | Reached skill level 10 in Charms
 62983 | Depths:2 | Received a gift from Okawaru
 63044 | Depths:2 | Got a faintly glowing jade amulet
 63045 | Depths:2 | Identified the amulet "Gahosch" {Inacc *Slow MR++} (You found it on level 2 of the Depths)
 63053 | Depths:2 | Noticed a juggernaut
 63061 | Depths:2 | Killed a juggernaut
 63179 | Depths:2 | Noticed Asterion
 63185 | Depths:2 | Received a gift from Okawaru
 63201 | Depths:2 | Reached skill level 5 in Armour
 63211 | Depths:2 | Killed Asterion
 64076 | Depths:2 | Received a gift from Okawaru
 64188 | Depths:2 | Found a portal to a secret trove of treasure.
 64978 | Depths:3 | Reached XP level 23. HP: 199/199 MP: 19/30
 65517 | Depths:3 | Received a gift from Okawaru
 65521 | Depths:3 | Reached skill level 10 in Necromancy
 65857 | Depths:3 | Reached skill level 10 in Armour
 66400 | Depths:3 | Reached skill level 16 in Fighting
 66458 | Depths:3 | Received a gift from Okawaru
 67728 | Depths:4 | Reached skill level 17 in Fighting
 68076 | Depths:4 | Received a gift from Okawaru
 68485 | Depths:4 | Noticed a caustic shrike
 68487 | Depths:4 | Reached XP level 24. HP: 163/214 MP: 28/30
 68815 | Depths:4 | Reached skill level 18 in Fighting
 69261 | Depths:4 | Received a gift from Okawaru
 69261 | Depths:4 | Reached skill level 19 in Fighting
 69542 | Depths:5 | Entered Level 5 of the Depths
 69592 | Depths:5 | Received a gift from Okawaru
 69771 | Depths:5 | Received a gift from Okawaru
 69809 | Depths:5 | Found a gateway to a ziggurat.
 69930 | Depths:5 | Received a gift from Okawaru
 70104 | Depths:5 | Reached skill level 20 in Fighting
 70803 | Depths:5 | Found an ornate altar of the Wu Jian Council.
 70817 | Depths:5 | Identified Sif Muna's Tome of Fire
 71012 | Depths:5 | Found a gate to the Realm of Zot.
 71478 | Slime:1  | Entered Level 1 of the Pits of Slime
 72139 | Slime:1  | Received a gift from Okawaru
 72144 | Slime:1  | Reached XP level 25. HP: 219/233 MP: 19/30
 72926 | Slime:4  | Received a gift from Okawaru
 73093 | Slime:5  | Entered Level 5 of the Pits of Slime
 73245 | Slime:5  | Found a viscous altar of Jiyva.
 73246 | Slime:5  | Noticed the Royal Jelly
 73261 | Slime:5  | Killed the Royal Jelly
 73261 | Slime:5  | Received a gift from Okawaru
 73261 | Slime:5  | Reached skill level 21 in Fighting
 73489 | Slime:5  | Found the +10 Black Knight's horse barding {ponderous, rPois rN+}
 73537 | Slime:5  | Got a bound lapis lazuli ring
 73607 | Slime:5  | Got a slimy rune of Zot
 74208 | Zot:1    | Entered Level 1 of the Realm of Zot
 75499 | Zot:1    | Received a gift from Okawaru
 76199 | Zot:2    | Reached skill level 22 in Fighting
 76202 | Zot:2    | Received a gift from Okawaru
 76206 | Zot:2    | Got a pair of encrusted gloves {god gift}
 76245 | Zot:2    | Identified the +0 pair of gloves of the Voivode {Str+5} (Okawaru gifted it to you on level 2 of the Realm of Zot)
 76278 | Zot:2    | Identified the ring "Ryhas" {Str+4 Stlth+} (You found it on level 5 of the Pits of Slime)
 77003 | Zot:2    | Reached XP level 26. HP: 221/246 MP: 29/30
 77482 | Zot:2    | Learned a level 6 spell: Deflect Missiles
 77524 | Zot:2    | Learned a level 8 spell: Controlled Blink
 77572 | Zot:2    | Found Vocvi's Changing Room.
 78035 | Zot:3    | Reached skill level 23 in Fighting
 78364 | Zot:3    | Found a transporter.
 78519 | Zot:4    | Received a gift from Okawaru
 78751 | Zot:4    | Received a gift from Okawaru
 79070 | Zot:4    | Received a gift from Okawaru
 79430 | Zot:5    | Entered Level 5 of the Realm of Zot
 79457 | Zot:5    | Reached skill level 24 in Fighting
 79460 | Zot:5    | Received a gift from Okawaru
 79701 | Zot:5    | Noticed an ancient lich
 79713 | Zot:5    | Killed an ancient lich
 79713 | Zot:5    | Received a gift from Okawaru
 79846 | Zot:5    | Noticed an ancient lich
 79848 | Zot:5    | Killed an ancient lich
 79921 | Zot:5    | Noticed an ancient lich
 79926 | Zot:5    | Killed an ancient lich
 79926 | Zot:5    | Received a gift from Okawaru
 79952 | Zot:4    | Received a gift from Okawaru
 80061 | Zot:5    | Received a gift from Okawaru
 80147 | Zot:5    | Noticed an orb of fire
 80162 | Zot:5    | Gained mutation: You are partially covered in rugged brown scales. (AC +1, +3% HP) [an orb of fire]
 80164 | Zot:5    | Killed an orb of fire
 80164 | Zot:5    | Reached skill level 25 in Fighting
 80174 | Zot:5    | Reached XP level 27. HP: 126/273 MP: 5/30
 80183 | Zot:5    | Noticed an ancient lich
 80190 | Zot:5    | Killed an ancient lich
 80190 | Zot:5    | Received a gift from Okawaru
 80451 | Zot:5    | Noticed an ancient lich
 80458 | Zot:5    | Killed an ancient lich
 80458 | Zot:5    | Received a gift from Okawaru
 80725 | Zot:5    | Noticed an orb of fire
 80734 | Zot:5    | Killed an orb of fire
 80847 | Zot:5    | Received a gift from Okawaru
 80848 | Zot:5    | Noticed an ancient lich
 80860 | Zot:5    | Killed an ancient lich
 80860 | Zot:5    | Reached skill level 26 in Fighting
 81038 | Zot:5    | Noticed an orb of fire
 81044 | Zot:5    | Killed an orb of fire
 81105 | Zot:5    | Received a gift from Okawaru
 81172 | Zot:5    | Got the Orb of Zot
 81213 | Zot:5    | Reached skill level 27 in Fighting
 81791 | D:$      | Escaped with the Orb!

Skill      XL: |  1  2  3  4  5  6  7  8  9 10 11 12 13 14 15 16 17 18 19 20 21 22 23 24 25 26 27 |
---------------+----------------------------------------------------------------------------------+-----
Unarmed Combat | 3 4 5 6 9 10 12 14 18 19 | 19.0
Shields        | 1 2 3 4 5 6 8 9 11 14 15 | 15.0
Armour         | 1 8 10 | 10.0
Invocations    | 2 3 6 7 10 | 10.0
Fighting       | 4 6 7 10 11 12 13 14 15 17 20 22 25 27 | 27.0
Throwing       | 6 9 10 12 14 17 18 19 22 | 22.0
Charms         | 1 5 7 9 10 | 10.0
Hexes          | 1 4 6 10 | 10.0
Translocations | 3 6 8 10 11 13 | 13.0
Spellcasting   | 2 3 |  3.0
Necromancy     | 5 9 10 | 10.0
Dodging        | 2 |  2.1

Action                   |  1- 3 |  4- 6 |  7- 9 | 10-12 | 13-15 | 16-18 | 19-21 | 22-24 | 25-27 || total
-------------------------+-------+-------+-------+-------+-------+-------+-------+-------+-------++-------
Melee: Unarmed           |   182 |   296 |   473 |   712 |   907 |  1292 |  1035 |  1055 |   477 ||  6429
       Kick              |    25 |    50 |    84 |   199 |   307 |   450 |   367 |   454 |   217 ||  2153
       Punch             |     2 |       |       |       |       |       |       |       |       ||     2
Throw: Tomahawk          |       |       |    40 |    82 |   169 |   376 |   347 |    86 |   188 ||  1288
       Javelin           |       |       |       |    50 |    98 |   100 |   134 |   211 |   322 ||   915
       Throwing net      |       |       |       |       |       |       |     1 |       |     6 ||     7
 Cast: Song of Slaying   |       |       |       |       |       |       |     7 |    17 |    13 ||    37
       Portal Projectile |       |       |       |       |       |       |    20 |    23 |     8 ||    51
       Regeneration      |       |       |       |       |       |       |    28 |   193 |   121 ||   342
Invok: Heroism           |       |       |       |       |    30 |    32 |    40 |    32 |    48 ||   182
       Finesse           |       |       |       |       |       |     1 |     3 |     5 |    10 ||    19
 Abil: Cancel Portal Pro |       |       |       |       |       |       |       |       |     1 ||     1
Evoke: Wand              |       |       |     8 |     7 |    14 |     2 |       |     1 |     4 ||    36
  Use: Scroll            |       |       |     7 |     7 |    11 |    14 |     8 |     3 |     8 ||    58
       Potion            |       |       |       |     3 |       |     7 |       |     2 |     8 ||    20
  Eat: Chunk             |     2 |     8 |    11 |    25 |    21 |    24 |    30 |    44 |    13 ||   178
       Ration            |       |       |     3 |     2 |     4 |     4 |     4 |     7 |    10 ||    34
Armor: Leather armour    |    17 |       |       |       |       |       |       |       |       ||    17
       Ring mail         |    56 |       |       |       |       |       |       |       |       ||    56
       Chain mail        |     4 |   131 |   252 |   250 |   349 |   320 |   198 |       |       ||  1504
       Plate armour      |       |       |       |       |       |       |    40 |   276 |   227 ||   543
Dodge: Dodged            |    66 |    41 |    79 |    72 |   106 |   114 |    59 |    90 |    61 ||   688
Block: Shield            |    10 |    16 |    43 |   228 |   272 |       |       |       |       ||   569
       Buckler           |       |    22 |    71 |       |       |       |       |       |       ||    93
       Large shield      |       |       |       |       |   208 |   961 |   682 |   652 |   338 ||  2841
